 Dungeon Sprint DCSS version 0.29-a0-364-g921d912d32 (webtiles) character file.

Game seed: 14365303132415466285

3037 mhtbhm the Fighter (level 10, -3/108 HPs)
             Began as a Kobold Berserker on Apr 30, 2022.
             Was a High Priest of Trog.
             Slain by an unseen horror (5 damage)
             ... in the Dungeon (Sprint III: "The Ten Rune Challenge").
             The game lasted 00:03:23 (1259 turns).

mhtbhm the Fighter (Kobold Berserker)               Turns: 1259, Time: 00:03:23

Health: -3/108     AC:  4    Str: 18    XL:     10   Next: 11%
Magic:  10/10      EV: 20    Int:  7    God:    Trog [*****.]
Gold:   20         SH:  0    Dex: 15    Spells: 9/9 levels left

rFire   . . .      SeeInvis .   a - +0 hand axe
rCold   . . .      Faith    .   (no shield)
rNeg    . . .      Spirit   .   b - +2 robe {Archmagi}
rPois   .          Reflect  .   (no helmet)
rElec   .          Harm     .   (no cloak)
rCorr   .          Rampage  .   (no gloves)
Will    .....      Archmagi +   (no boots)
Stlth   .......... Clarity  +   (no amulet)
HPRegen 1.08/turn  NoTele   +   (no ring)
MPRegen 0.12/turn               (no ring)

@: berserking, very quick
A: small, no large weapons, nightstalker 3, clarity, dopey 1, regeneration 1
a: Renounce Religion, Berserk, Trog's Hand, Brothers in Arms


You were in the Dungeon.
You worshipped Trog.
Trog was extremely pleased with you.
You visited 1 branch You collected 20 gold pieces.

Inventory:

Hand Weapons
 a - a +0 hand axe (weapon)
Armour
 b - a +2 robe of the Archmagi (worn)
Wands
 d - a wand of flame (17)
Scrolls
 i - a scroll of magic mapping {unknown}
 k - 2 scrolls of torment {unknown}
 l - 2 scrolls of identify {unknown}
 n - a scroll of immolation {unknown}
Potions
 c - a potion of curing
 f - 2 potions of magic
 g - 3 potions of berserk rage
 j - 2 potions of mutation
 m - 4 potions of flight
 o - a potion of attraction {unknown}
Miscellaneous
 h - a piece from Xom's chessboard (15/15)


   Skills:
 + Level 12.5 Fighting
 + Level 12.1 Axes
 + Level 3.7 Armour
 + Level 11.2 Dodging
 + Level 12.4 Stealth
 + Level 1.8 Evocations


You had 9 spell levels left.
You didn't know any spells.
Your spell library was empty.

Dungeon Overview and Level Annotations

Branches:
Dungeon (1/1)

Altars:
Cheibriados
Dithmenos
Elyvilon
Fedhas
Gozag
Hepliaklqana
Kikubaaqudgha
Makhleb
Nemelex Xobeh
Okawaru
Qazlal
Ru
Sif Muna
Trog
Uskayaw
Vehumet
Wu Jian
Xom
Yredelemnul
Zin
The Shining One
Beogh
Jiyva
Lugonu


Innate Abilities, Weirdness & Mutations

You are small and have problems with some larger weapons.
You are completely attuned to the shadows.
You possess an exceptional clarity of mind.
You are dopey. (Int -2)
Your natural rate of healing is unusually fast.


Message History

You hit something. Your punch misses something. Something hits you!
You slash something! Something hits you but does no damage. Something hits you!
You miss something. Something hits you!
You closely miss something. Something hits you but does no damage.
You hit something. Something hits you.
You swing at nothing.
Something hits you but does no damage.
You miss something. Something hits you. Something hits you!
You slash something! Something hits you but does no damage.
You hit something. Something hits you. Something closely misses you.
You hit something. Something misses you.
Unknown command.
Clearing monster memory.
Something is blocking the doorway!
Something hits you. x2
* * * LOW HITPOINT WARNING * * *
Unknown command.
A red film seems to cover your vision as you go berserk!
You feel yourself moving faster!
You feel mighty! Something closely misses you. Something hits you!
* * * LOW HITPOINT WARNING * * *
You hit something but do no damage. You barely miss something.
Something hits you.
* * * LOW HITPOINT WARNING * * *
Something barely misses you.
You slash something! Trog accepts your kill.
Reactivating autopickup.
You feel a bit more experienced.
You hit something. Something hits you but does no damage.
Deactivating autopickup; reactivate with Ctrl-A.
Unknown command.
Unknown command.
You hit something. Something hits you but does no damage.
You slash something! Something hits you.
* * * LOW HITPOINT WARNING * * *
You miss something. Something hits you!
* * * LOW HITPOINT WARNING * * *
Something hits you.
* * * LOW HITPOINT WARNING * * *
Something hits you.
You die...

##### _#__# )#._#
##)## ....# ....#
###'#
#...#+###############
#...#..≈≈≈'.#.'{@.'.#
#...#.#≈≈≈#.#.#...##.#
#...'.#...#.#.#)).#
#.#
'...#.#...#...#)).#
#.#
▓▓▓▓▓▓▓▓▓▓▓▓▓▓▓▓▓▓# #.


There were no monsters in sight!

Vanquished Creatures
  Snorg (D)
  A centaur warrior (D)
  A deep elf pyromancer (D)
  An unseen horror (D)
  A shadow (D)
  A spatial vortex (D)
  2 centaurs (D)
  An earth elemental (D)
  A water elemental (D)
  A necrophage (D)
  A scorpion (D)
  A jelly (D)
  Jessica (D)
  A wizard (D)
  A necromancer (D)
  3 humans (D)
  A kobold demonologist (D)
  An endoplasm (D)
  2 rats (D)
23 creatures vanquished.

Notes
Turn   | Place    | Note
-------+----------+-------------------------------------------
     0 | D        | mhtbhm the Kobold Berserker began the quest for the Orb.
     0 | D        | Reached XP level 1. HP: 14/14 MP: 1/1
    12 | D        | Noticed Jessica
    17 | D        | Reached ** piety under Trog
    21 | D        | Killed Jessica
    22 | D        | Reached skill level 5 in Fighting
    22 | D        | Reached skill level 1 in Stealth
    22 | D        | Reached XP level 2. HP: 21/21 MP: 2/2
    22 | D        | Reached XP level 3. HP: 26/26 MP: 3/3
   116 | D        | Noticed a scorpion
   121 | D        | Killed a scorpion
   122 | D        | Reached skill level 5 in Axes
   122 | D        | Reached XP level 4. HP: 32/32 MP: 4/4
   177 | D        | Reached XP level 5. HP: 19/37 MP: 5/5
   205 | D        | Gained mutation: You are robust. (+10% HP) [potion of
                  | mutation]
   206 | D        | Lost mutation: You are robust. (+10% HP) [potion of
                  | mutation]
   206 | D        | Gained mutation: You possess an exceptional clarity of
                  | mind. [potion of mutation]
   206 | D        | Gained mutation: Your natural rate of healing is unusually
                  | fast. [potion of mutation]
   206 | D        | Gained mutation: You are dopey. (Int -2) [potion of
                  | mutation]
   235 | D        | Noticed a water elemental
   248 | D        | Killed a water elemental
   248 | D        | Reached *** piety under Trog
   249 | D        | Reached skill level 5 in Dodging
   298 | D        | Found a basalt altar of Yredelemnul.
   298 | D        | Found a shadowy altar of Dithmenos.
   298 | D        | Found a sacrificial altar of Ru.
   306 | D        | Reached XP level 6. HP: 44/44 MP: 6/6
   373 | D        | Found a radiant altar of Vehumet.
   373 | D        | Found a shimmering blue altar of Sif Muna.
   373 | D        | Found an ancient bone altar of Kikubaaqudgha.
   378 | D        | Reached **** piety under Trog
   544 | D        | Found a glowing silver altar of Zin.
   544 | D        | Found a glowing golden altar of the Shining One.
   544 | D        | Found a white marble altar of Elyvilon.
   545 | D        | Noticed a deep elf pyromancer
   555 | D        | Noticed a fire elemental
   555 | D        | Killed a deep elf pyromancer
   556 | D        | Reached XP level 7. HP: 52/52 MP: 7/7
   556 | D        | Reached XP level 8. HP: 57/57 MP: 8/8
   650 | D        | Found a hide-covered altar of Uskayaw.
   650 | D        | Found an iron altar of Okawaru.
   650 | D        | Found a bloodstained altar of Trog.
   650 | D        | Found an ornate altar of the Wu Jian Council.
   650 | D        | Noticed a human
   651 | D        | Noticed a human
   660 | D        | Killed a human
   661 | D        | Reached skill level 10 in Fighting
   661 | D        | Killed a human
   661 | D        | Reached ***** piety under Trog
   719 | D        | Noticed a shadow
   734 | D        | Killed a shadow
   735 | D        | Reached skill level 10 in Axes
   918 | D        | Found a blossoming altar of Fedhas.
   918 | D        | Found a stormy altar of Qazlal.
   918 | D        | Found a snail-covered altar of Cheibriados.
   918 | D        | Found a burning altar of Makhleb.
   918 | D        | Found a shimmering altar of Xom.
   919 | D        | Found a hazy altar of Hepliaklqana.
   919 | D        | Found an opulent altar of Gozag.
   919 | D        | Found a sparkling altar of Nemelex Xobeh.
   919 | D        | Found a corrupted altar of Lugonu.
   919 | D        | Found a viscous altar of Jiyva.
   962 | D        | Noticed Snorg
  1024 | D        | Killed Snorg
  1025 | D        | Reached skill level 10 in Dodging
  1025 | D        | Reached skill level 10 in Stealth
  1025 | D        | Reached skill level 1 in Evocations
  1025 | D        | Reached XP level 9. HP: 26/64 MP: 9/9
  1181 | D        | Noticed a centaur warrior
  1186 | D        | Received a gift from Trog
  1197 | D        | Killed a centaur warrior
  1198 | D        | Reached XP level 10. HP: 72/72 MP: 10/10
  1255 | D        | Killed an unseen horror
  1258 | D        | HP: 3/108 [something (10)]
  1259 | D        | Slain by an unseen horror

Illustrated notes

Levels and vault maps discovered:
D:        dungeon_sprint_mu [sprint_mu_entry_forest, sprint_mu_temple_rooms,
          sprint_mu_d1_horrors, sprint_mu_d2_genie, sprint_mu_d3_branching,
          sprint_mu_orc_legion, sprint_mu_elf_gauntlet, sprint_mu_hive_nellie,
          sprint_mu_lair_fedhas, sprint_mu_vaults_butterflies,
          sprint_mu_slime_circle, sprint_mu_swamp_cave, sprint_mu_shoals_archi,
          sprint_mu_blade_basic, sprint_mu_crypt_lich, sprint_mu_tomb_spiral,
          sprint_mu_vestibule_basic, sprint_mu_gehenna_hellfire,
          sprint_mu_dis_giant, sprint_mu_tartarus_statrot,
          sprint_mu_cocytus_islands, sprint_mu_zot1]

Skill      XL: |  1  2  3  4  5  6  7  8  9 |
---------------+----------------------------+-----
Fighting       | 5 6 7 9 11 12 | 12.5
Axes           | 3 5 6 9 11 12 | 12.1
Armour         | 2 3 |  3.7
Dodging        | 3 4 5 8 10 11 | 11.2
Stealth        | 1 2 3 4 7 10 12 | 12.4
Evocations     | 1 |  1.8

Action                   |  1- 3 |  4- 6 |  7- 9 | 10-12 || total
-------------------------+-------+-------+-------+-------++-------
Melee: Hand axe          |    10 |    43 |    93 |    16 ||   162
Invok: Berserk           |     2 |     4 |     4 |     1 ||    11
Evoke: Wand              |       |       |     1 |       ||     1
       Piece from Xom's  |       |       |     1 |       ||     1
  Use: Potion            |       |     3 |     2 |       ||     5
       Scroll            |       |     1 |       |       ||     1
 Stab: Sleeping          |     3 |     2 |     7 |       ||    12
Armor: Animal skin       |     1 |       |       |       ||     1
       Robe              |     1 |     2 |    12 |     6 ||    21
Dodge: Dodged            |     3 |    17 |    62 |     4 ||    86

Table legend: (Time is in decaauts)
 A = Elapsed time spent in this place.
 B = Non-inter-level travel time spent in this place.
 C = Inter-level travel time spent in this place.
 D = Time resting spent in this place.
 E = Time spent auto-exploring this place.
 F = Levels seen in this place.
 G = Mean time per level.
                   A        B        C        D        E       F      G
               +--------+--------+--------+--------+--------+-----+--------+
         Total |   1330 |   1330 |      0 |    810 |      4 |   1 | 1330.0 |
       Dungeon |   1330 |   1330 |      0 |    810 |      4 |   1 | 1330.0 |
               +--------+--------+--------+--------+--------+-----+--------+

Top non-repeatable levels by time:
       D: 1330 daAuts
